Map: [ESL] Gresvan

Players

Spirit - Winner!

  • Race: Terran Terran
  • Spawn Location: 11:00

Reynor

  • Race: Zerg Zerg
  • Spawn Location: 5:00

Event: ESL SC2 Masters 2023 Summer (Regionals)

VOD

Have the link to the VOD?

Description

Time

  • Played on: May 20, 2023, 9:40 a.m.
  • Length: 7:40

All games in this series

Show
View Real Time Build Order
Export as new Build Order

Spirit Terran - Winner!

Build Orders: Liberator Opening, Reaper Expand 

Get SALT Encoding   

  12  0:00  SCV  
  13  0:12  SCV  
  14  0:17  Supply Depot  
  14  0:24  SCV  
  15  0:38  SCV  
  15  0:39  Barracks  
  16  0:43  Refinery  
  16  0:50  SCV  
  17  1:02  SCV  
  18  1:14  SCV  
  19  1:27  Orbital Command, Reaper  
  20  1:40  Command Center  
  20  1:51  Supply Depot  
  20  1:52  SCV  
  21  1:58  Marine  
  22  2:04  SCV  
  23  2:10  Factory  
  23  2:16  Marine  
  23  2:19  SCV  
  24  2:34  SCV  
  25  2:38  Barracks Reactor  
  25  2:39  Command Center  
  24  2:46  SCV  
  25  2:58  Command Center  
  25  3:01  SCV  
  26  3:09  Starport  
  26  3:13  Refinery  
  26  3:16  SCV  
  27  3:21  Hellion  
  29  3:27  Hellion  
  29  3:28  Barracks Tech Lab  
  31  3:36  Supply Depot  
  31  3:51  Liberator, SCV  
  31  3:54  Orbital Command  
  35  4:03  Hellion, SCV  
  35  4:05  Hellion  
  35  4:09  Stimpack  
  40  4:15  SCV  
  41  4:18  Orbital Command  
  41  4:23  SCV  
  42  4:27  SCV  
  42  4:28  Hellion  
  42  4:31  Hellion  
  47  4:35  SCV  
  47  4:36  Starport Reactor  
  48  4:39  SCV  
  48  4:43  SCV  
  50  4:47  SCV  
  50  4:49  Hellion  
  50  4:52  SCV, Hellion  
  56  4:53  Supply Depot  
  56  4:55  SCV  
  56  4:56  Marine  
  56  4:59  SCV  
  59  5:04  SCV  
  59  5:05  Barracks  
  60  5:09  SCV  
  60  5:11  SCV  
  62  5:15  Orbital Command  
  62  5:16  Barracks, SCV  
  62  5:18  Refinery  
  62  5:20  Starport Reactor  
  63  5:21  Refinery  
  63  5:23  Marine, Factory Tech Lab, SCV  
  63  5:28  SCV  
  66  5:31  Supply Depot  
  66  5:36  SCV  
  66  5:40  Engineering Bay, SCV x2  
  66  5:41  Engineering Bay  
  69  5:48  SCV  
  70  5:50  Marine, Combat Shield, Siege Tank  
  70  5:52  SCV x2  
  76  6:00  SCV, Medivac  
  76  6:01  Medivac  
  81  6:04  Armory, SCV x2  
  81  6:05  Marine x2  
  85  6:13  Bunker  
  85  6:15  Supply Depot  
  85  6:18  Supply Depot  
  85  6:30  Marine x5, SCV x3  
  92  6:37  Siege Tank  
  95  6:43  SCV x2  
  95  6:44  SCV  
  95  6:46  Supply Depot  
  98  6:48  Marine x3  
  98  6:50  Marine x2  
  98  6:53  Supply Depot  
  103  6:55  SCV  
  103  6:58  SCV  
  103  7:00  Barracks  
  103  7:01  Barracks  
  105  7:05  SCV  
  105  7:06  Marine x3  
  104  7:09  Marine  
  104  7:12  Marine  
  105  7:18  SCV x2  
  105  7:26  SCV  
Show
View Real Time Build Order
Export as new Build Order

Reynor Zerg 

Build Orders: Pool First 

Get SALT Encoding   

  12  0:00  Drone  
  13  0:21  Spawning Pool  
  13  0:25  Drone  
  13  0:29  Drone  
  14  0:37  Overlord  
  14  0:44  Extractor, Drone  
  15  1:08  Zergling x4  
  15  1:09  Zergling x2  
  18  1:16  Hatchery  
  17  1:19  Zergling x2  
  18  1:29  Queen  
  18  1:32  Drone  
  21  1:41  Overlord  
  21  1:51  Extractor, Drone  
  21  2:03  Drone  
  21  2:04  Queen  
  24  2:13  Drone  
  23  2:24  Drone  
  23  2:28  Drone  
  24  2:35  Drone  
  26  2:40  Drone  
  27  2:45  Drone x3  
  28  2:54  Drone  
  28  2:55  Hatchery  
  28  2:58  Drone  
  29  3:02  Zergling x2  
  30  3:07  Drone  
  30  3:08  Metabolic Boost  
  31  3:14  Overlord  
  31  3:15  Drone  
  31  3:18  Drone  
  33  3:20  Drone  
  33  3:26  Queen  
  36  3:32  Overlord  
  36  3:33  Drone  
  37  3:34  Drone  
  37  3:36  Drone  
  39  3:41  Queen  
  39  3:45  Drone x2  
  43  3:52  Drone  
  43  3:53  Drone x3  
  47  4:02  Overlord, Queen  
  47  4:04  Zergling x2  
  47  4:07  Zergling x2  
  51  4:14  Drone  
  51  4:15  Drone, Queen  
  55  4:18  Drone  
  55  4:20  Queen  
  55  4:21  Drone  
  55  4:24  Overlord  
  59  4:27  Zergling x4  
  59  4:29  Drone  
  59  4:30  Drone  
  63  4:34  Zergling x4  
  63  4:36  Drone  
  63  4:38  Overlord  
  66  4:42  Drone x2  
  68  4:47  Lair  
  68  4:48  Extractor, Drone  
  68  4:52  Drone x3  
  71  4:53  Spore Crawler  
  71  4:54  Drone  
  71  4:56  Overlord  
  71  4:59  Overlord  
  71  5:01  Drone  
  71  5:04  Drone  
  72  5:09  Zergling x2  
  72  5:12  Zergling x8  
  72  5:15  Drone  
  72  5:17  Queen, Spore Crawler  
  72  5:19  Baneling Nest  
  73  5:21  Drone, Spore Crawler  
  73  5:22  Drone  
  73  5:23  Drone  
  73  5:24  Drone  
  73  5:25  Drone  
  75  5:29  Overlord  
  75  5:31  Drone  
  75  5:34  Drone  
  75  5:37  Drone  
  75  5:42  Drone  
  77  5:46  Drone x2  
  77  5:48  Drone  
  80  5:52  Hatchery  
  80  5:54  Drone x2  
  80  5:56  Drone x2, Overlord  
  81  5:58  Drone x2  
  81  6:00  Drone  
  81  6:04  Centrifugal Hooks  
  84  6:08  Evolution Chamber  
  84  6:09  Drone  
  84  6:10  Drone  
  85  6:12  Evolution Chamber  
  85  6:13  Zergling x6  
  85  6:16  Overlord  
  85  6:18  Drone  
  88  6:21  Extractor, Drone x2  
  88  6:22  Extractor  
  88  6:23  Zergling x4  
  90  6:29  Overlord  
  90  6:30  Drone x3  
  93  6:33  Drone x2  
  93  6:34  Drone x2  
  93  6:37  Drone  
  93  6:39  Drone  
  98  6:45  Queen, Drone x2  
  102  6:49  Drone  
  102  6:50  Zergling x4  
  102  6:52  Spore Crawler  
  104  6:54  Baneling x3  
  104  6:57  Zergling x6  
  104  6:58  Baneling  
  104  6:59  Zergling x6  
  104  7:01  Queen  
  108  7:12  Zergling x12  
  108  7:13  Baneling x5  
  109  7:18  Drone x3  
  109  7:19  Drone x3  
  109  7:20  Drone  
  114  7:26  Drone  
Tags
 
Add a new tag
Caveats
  • Supply blocks, unpowered buildings, or Contaminate may cause inaccurate times.
  • Supply counts are checked every 10 seconds.